 Dungeon Crawl Stone Soup version 0.18.1-5-g4a78601 (webtiles) character file.

8418 oplop the Transmogrifier (level 11, 0/74 HPs)
             Began as an Octopode Transmuter on May 9, 2016.
             Was an Elder of Cheibriados.
             Slain by a vampire knight
             ... wielding a +0 war axe
              (18 damage)
             ... on level 12 of the Dungeon.
             The game lasted 00:26:17 (9537 turns).

oplop the Transmogrifier (Octopode Transmuter)      Turns: 9537, Time: 00:26:17

Health: 0/74       AC:  2    Str: 19    XL:     11   Next: 30%
Magic:  4/19       EV: 35    Int: 34    God:    Cheibriados [****..]
Gold:   664        SH:  0    Dex: 34    Spells: 5 memorised, 5 levels left

rFire  + . .     SeeInvis .       - Unarmed
rCold  . . .     Gourm    .     (shield currently unavailable)
rNeg   . . .     Faith    .     (helmet currently unavailable)
rPois  x         Spirit   .     e - amulet of regeneration
rElec  .         Dismiss  .     u - ring of protection from fire
rCorr  .         Reflect  .     p - +4 ring of intelligence
SustAt .         Harm     .     (no ring)
MR     .....                    (no ring)
Stlth  ++++......               (no ring)
                                (no ring)
                                (no ring)
                                (no ring)

@: agile, spider-form, very slightly contaminated, hasted, drained, slow, not
resistant to hostile enchantments, stealthy
A: almost no armour, (amphibious), 8 rings, (constrict 8), (camouflage 0),
clever 1, (gelatinous body 0), subdued magic 1
a: End Transformation, Bend Time, Temporal Distortion, Slouch, Renounce Religion


You were on level 12 of the Dungeon.
You worshipped Cheibriados.
Cheibriados was greatly pleased with you.
You were not hungry.
You were a venomous arachnid creature.
You visited 2 branches of the dungeon, and saw 13 of its levels.
You also visited: Bailey.

You collected 664 gold pieces.

Inventory:

Missiles
 a - 44 arrows
 h - 2 javelins (quivered)
Armour
 t - a +0 buckler
Jewellery
 e - an amulet of regeneration (around neck)
 n - an uncursed ring of ice {unknown}
 o - an uncursed amulet of faith
 p - a +4 ring of intelligence (right front leg)
 u - a ring of protection from fire (left front leg)
Wands
 w - a wand of random effects (19/48)
 x - a wand of polymorph (4/24)
 E - a wand of slowing (27/48)
Scrolls
 i - 8 scrolls of remove curse
 m - 2 scrolls of identify
 s - 4 scrolls of recharging
 y - a scroll of amnesia
 z - a scroll of immolation
 C - a scroll of enchant armour
 D - a scroll of vulnerability
Potions
 d - 2 potions of brilliance
 k - a potion of lignification
 l - a potion of agility
 q - a potion of haste
 v - 3 potions of might
Books
 b - a book of Changes

   Spells                             Type                      Level
   a - Beastly Appendage              Transmutation                1
   b - Sticks to Snakes               Transmutation                2
   c - Spider Form                    Transmutation/Poison         3
   d - Ice Form                       Ice/Transmutation            4
   e - Blade Hands                    Transmutation                5
Comestibles
 c - 8 bread rations
 f - 2 royal jellies
 g - 7 meat rations
 j - 2 fruits
 A - 2 chunks of flesh


   Skills:
 + Level 6.6(6.1) Fighting
 + Level 7.1(6.5) Dodging
 + Level 7.3(6.7) Unarmed Combat
 - Level 5.3(4.8) Spellcasting
 - Level 8.5(7.9) Transmutations
 - Level 4.3(3.8) Ice Magic
 + Level 7.3(6.7) Invocations


You had 5 spell levels left.
You knew the following spells:

 Your Spells              Type           Power        Failure   Level  Hunger
a - Beastly Appendage     Trmt           #####.       1%          1    None
b - Sticks to Snakes      Trmt           #####...     1%          2    None
c - Spider Form           Trmt/Pois      ####......   8%          3    None
d - Ice Form              Ice/Trmt       #####...     12%         4    ###....
e - Blade Hands           Trmt           #####.....   14%         5    #####..


Dungeon Overview and Level Annotations

Branches:
Dungeon (12/15)            Temple (1/1) D:6            Lair (0/8) D:9
    Orc (0/2) D:10

Altars:
Ashenzari
Cheibriados
Dithmenos
Elyvilon
Fedhas
Gozag
Kikubaaqudgha
Makhleb
Nemelex Xobeh
Okawaru
Pakellas
Qazlal
Ru
Sif Muna
Trog
Vehumet
Xom
Yredelemnul
The Shining One

Annotations:
D:4 Menkaure, Natasha
D:9 Graouh's ghost, journeyman MiFi


Innate Abilities, Weirdness & Mutations

You cannot wear most types of armour.
((You are amphibious.))
You can wear up to eight rings at the same time.
((You can use your tentacles to constrict eight enemies at once.))
((Your skin changes colour to match your surroundings (Stealth).))
((Your rubbery body absorbs attacks (AC +1).))
Your mind is acute. (Int +2)
Your spells are a little easier to cast, but a little less powerful.


Message History

It was a potion of haste.
You feel yourself speed up.
Cheibriados forgives your accidental hurry, just this once.
Something misses you. Something bites you.
* * * LOW HITPOINT WARNING * * *
You are very lightly contaminated with residual magic.
Drink which item? (? for menu, Esc to quit)
Okay, then.
Unknown command.
Read which item? (? for menu, Esc to quit)
Okay, then.
Evoke which item? (* to show all) (? for menu, Esc to quit)
Okay, then.
Drink which item? (? for menu, Esc to quit)
You feel better. Something barely misses you. Something misses you.
Read which item? (? for menu, Esc to quit)
Okay, then.
The flow of time bends around you.
Cheibriados rebukes something.
You feel slightly more hungry. Something hits you!!
You die...

#..# #.# #.#..# #.#
#.#.รท# #.# #.#..# #.#
##.#..# #.# ##..#..#
#.######%
##...#..###........
####....#..##....#####
....[..s{..##....#
#######....#.....#
........).#.#####
........))#.#
##########..# ####


There were no monsters in sight!

Vanquished Creatures
  A hill giant (D:11)
  2 deep elf magi (D:10)
  2 ugly things (D:12)
  A cyclops (D:11)
  A merfolk (D:10)
  A two-headed ogre (D:11)
  A vampire (D:12)
  A wyvern (D:10)
  3 yaks (D:10)
  A hippogriff (D:8)
  A hungry ghost (D:9)
  An ice beast (D:11)
  A sky beast (D:10)
  7 orc warriors
  A wasp (D:8)
  2 black bears
  2 ogres
  2 centaurs
  4 giant frogs
  2 scorpions
  5 wights (D:12)
  An electric eel (D:12)
  5 howler monkeys
  8 crimson imps
  A giant frog zombie (D:11)
  2 jellies
  2 orc priests
  5 hounds
  2 giant frog skeletons
  An iguana (D:7)
  6 worker ants
  Terence (D:3)
  4 orc wizards
  2 sheep (D:11)
  A hound skeleton (D:4)
  9 gnolls
  5 adders
  3 shadow imps
  3 oozes
  3 worms
  A dart slug (D:1)
  4 giant geckos
  25 orcs
  A ball python (D:5)
  4 giant cockroaches
  8 goblins
  8 hobgoblins
  5 kobolds
  3 quokkas
  5 bats
  2 giant newts
  2 jackal skeletons (D:4)
  A quokka skeleton (D:8)
  4 rats
179 creatures vanquished.

Vanquished Creatures (collateral kills)
  2 hill giants (D:10)
  An ugly thing (D:11)
  A two-headed ogre (D:11)
  A water elemental (D:12)
  A yak (D:10)
  A hippogriff (D:10)
  An orc warrior (D:10)
  2 ice beasts
  A phantom (D:10)
  2 ogres
  2 jellies (D:10)
  A howler monkey (D:9)
  A giant frog zombie (D:10)
  A centaur zombie (D:9)
  An orc priest (D:10)
  An orc wizard (D:8)
  A worker ant (D:4)
  3 gnolls
  11 orcs
35 creatures vanquished.

Vanquished Creatures (others)
  3 jackals (D:10)
  A quokka (D:10)
4 creatures vanquished.

Grand Total: 218 creatures vanquished

Notes
Turn   | Place    | Note
--------------------------------------------------------------
     0 | D:1      | oplop the Octopode Transmuter began the quest for the Orb.
     0 | D:1      | Reached XP level 1. HP: 13/13 MP: 3/3
    71 | D:1      | Found a shattered altar of Ashenzari.
   132 | D:1      | Reached XP level 2. HP: 5/18 MP: 3/5
   542 | D:1      | Reached XP level 3. HP: 15/23 MP: 3/6
  1290 | D:3      | Noticed Terence
  1299 | D:3      | Killed Terence
  1299 | D:3      | Reached skill level 3 in Transmutations
  1299 | D:3      | Reached XP level 4. HP: 25/28 MP: 5/8
  1569 | D:3      | Found a blossoming altar of Fedhas.
  1637 | D:3      | Reached XP level 5. HP: 18/34 MP: 9/9
  1810 | D:3      | Noticed an ogre
  1851 | D:2      | Learned a level 2 spell: Sticks to Snakes
  1855 | D:2      | Learned a level 3 spell: Spider Form
  2102 | D:3      | Killed an ogre
  2120 | D:3      | Reached XP level 6. HP: 40/40 MP: 1/10
  2501 | D:3      | Found a shimmering altar of Xom.
  2542 | D:3      | Reached skill level 4 in Transmutations
  2771 | D:4      | HP: 2/41 [worker ant (7)]
  2798 | D:4      | Noticed an ice beast
  2859 | D:4      | Learned a level 4 spell: Ice Form
  2870 | D:4      | Reached XP level 7. HP: 32/45 MP: 9/12
  2884 | D:4      | Reached skill level 1 in Ice Magic
  3051 | D:4      | Noticed Menkaure
  3115 | D:4      | Noticed Natasha
  3126 | D:5      | Entered Level 5 of the Dungeon
  3441 | D:5      | Found a white marble altar of Elyvilon.
  3647 | D:5      | Found a radiant altar of Vehumet.
  3648 | D:5      | Found a basalt altar of Yredelemnul.
  3757 | D:6      | Reached skill level 5 in Transmutations
  3757 | D:6      | Reached XP level 8. HP: 52/52 MP: 8/13
  3809 | D:6      | Found a staircase to the Ecumenical Temple.
  3852 | D:6      | Found an iron altar of Okawaru.
  3855 | D:6      | Found a stormy altar of Qazlal.
  4201 | D:6      | Found a shattered altar of Ashenzari.
  4649 | D:7      | Found an ancient bone altar of Kikubaaqudgha.
  5338 | Temple   | Entered the Ecumenical Temple
  5400 | Temple   | Became a worshipper of Cheibriados the Contemplative
  5616 | D:8      | Found an oddly glowing altar of Pakellas.
  5634 | D:8      | Reached skill level 1 in Invocations
  5917 | D:8      | Found a bloodstained altar of Trog.
  5924 | D:8      | Reached XP level 9. HP: 56/58 MP: 15/15
  5995 | D:8      | Found a glowing golden altar of the Shining One.
  6204 | D:8      | Reached * piety under Cheibriados
  6284 | D:8      | Reached skill level 6 in Transmutations
  6447 | D:8      | Reached skill level 5 in Unarmed Combat
  6532 | D:8      | HP: 2/58 [orc warrior/enchanted scimitar (19)]
  6963 | D:9      | Noticed Graouh's ghost (journeyman MiFi)
  7000 | D:9      | Found a flagged portal.
  7018 | Bailey   | Entered a bailey
  7037 | D:9      | Reached skill level 5 in Dodging
  7210 | D:9      | Reached ** piety under Cheibriados
  7314 | D:10     | Entered Level 10 of the Dungeon
  7684 | D:10     | Noticed a hill giant
  7686 | D:10     | Noticed a deep elf mage
  7697 | D:10     | Killed a hill giant
  7697 | D:10     | Reached skill level 5 in Spellcasting
  7710 | D:10     | Reached skill level 7 in Transmutations
  7713 | D:10     | Reached XP level 10. HP: 16/65 MP: 3/17
  7721 | D:10     | Noticed a deep elf mage
  7726 | D:11     | Noticed a hill giant
  7727 | D:11     | Noticed a hill giant
  7732 | D:10     | Reached skill level 5 in Invocations
  7742 | D:10     | Killed a deep elf mage
  7742 | D:10     | Reached skill level 5 in Fighting
  8023 | D:10     | Found a staircase to the Orcish Mines.
  8075 | D:10     | Learned a level 5 spell: Blade Hands
  8093 | D:10     | Gained mutation: Your spells are a little easier to cast, but a little less powerful. [potion of mutation]
  8093 | D:10     | Gained mutation: Your mind is acute. (Int +2) [potion of mutation]
  8109 | D:10     | Reached *** piety under Cheibriados
  8381 | D:10     | Killed a deep elf mage
  8546 | D:10     | Found a sacrificial altar of Ru.
  8589 | D:10     | Noticed a hill giant
  8603 | D:10     | Killed a hill giant
  8711 | D:11     | Noticed a cyclops
  8751 | D:11     | Killed a cyclops
  8751 | D:11     | Reached skill level 8 in Transmutations
  8870 | D:11     | Noticed a white ugly thing
  8879 | D:11     | Killed a white ugly thing
  8879 | D:11     | Reached XP level 11. HP: 53/72 MP: 12/19
  8886 | D:11     | Reached **** piety under Cheibriados
  8936 | D:11     | Noticed a skeletal warrior
  8955 | D:11     | Killed a hill giant
  9324 | D:12     | Noticed a purple ugly thing
  9328 | D:12     | Noticed a red ugly thing
  9340 | D:12     | Killed a red ugly thing
  9343 | D:12     | Killed a cyan ugly thing
  9521 | D:12     | Noticed a vampire knight
  9530 | D:12     | Paralysed by something for 2 turns
  9537 | D:12     | Slain by a vampire knight

Skill      XL: |  1  2  3  4  5  6  7  8  9 10 11 |
---------------+----------------------------------+-----
Transmutations | 3 4 5 7 8 |  8.5
Fighting       | 2 3 4 6 |  6.6
Dodging        | 3 4 5 6 7 |  7.1
Spellcasting   | 3 4 5 |  5.3
Unarmed Combat | 4 5 7 |  7.3
Ice Magic      | 2 4 |  4.3
Invocations    | 1 4 6 7 |  7.3

Action                   |  1- 3 |  4- 6 |  7- 9 | 10-12 || total
-------------------------+-------+-------+-------+-------++-------
Melee: Unarmed           |    72 |   108 |   290 |   150 ||   620
       Kick              |    15 |    24 |    14 |     3 ||    56
       Constrict         |    19 |    22 |    24 |     9 ||    74
       Tentacles         |    11 |    19 |    27 |     8 ||    65
       Punch             |       |       |     4 |       ||     4
Throw: Javelin           |     2 |       |       |       ||     2
 Cast: Beastly Appendage |    23 |    10 |    12 |     2 ||    47
       Sticks to Snakes  |       |    10 |    43 |    42 ||    95
       Spider Form       |       |     6 |    26 |    19 ||    51
       Ice Form          |       |       |     4 |     6 ||    10
       Blade Hands       |       |       |       |     2 ||     2
Invok: Bend Time         |       |       |     1 |     1 ||     2
  Use: Scroll            |       |     8 |     3 |     8 ||    19
       Potion            |       |     4 |     1 |     6 ||    11
 Stab: Sleeping          |     6 |     3 |     6 |     1 ||    16
       Distracted        |       |     2 |     2 |     2 ||     6
  Eat: Chunk             |     1 |     6 |     4 |     3 ||    14
       Fruit             |       |     2 |       |       ||     2
       Beef jerky        |       |       |     6 |       ||     6
       Meat ration       |       |       |     1 |       ||     1
       Pizza             |       |       |       |     1 ||     1
Armor: Skin              |     3 |     5 |    15 |    15 ||    38
Dodge: Dodged            |    38 |    80 |   297 |   123 ||   538
